AoeStats
← jaivl

Arabia

510720930Analyzed
1v1 RM · 22h ago on Oct 2, 2026· 69m 17s· 2 players
Game mode
Random Map
Map size
Tiny (2 player)
Population
200
Speed
Normal
Resources
Standard
Victory
Conquest
Starting age
Dark Age
Ending age
Imperial Age
RankedLock teamsTeams togetherTeam positionsShared explorationLock speedFull tech treeHidden civsTurbo modeCheats
Victory
Defeat
🇪🇸 Cumans · Spain
1304
+14
🇹🇷 Khmer · Türkiye
1256
-14
yenese
7:12 Loom
9:42 Feudal Age
12:29 Double-Bit Axe
16:36 Horse Collar
19:38 Bloodlines
22:06 Castle Age
21:20 Scale Barding Armor
21:25 Forging
22:50 Light Cavalry
23:31 Husbandry
24:07 Iron Casting
25:43 Wheelbarrow
25:26 Bow Saw
27:34 Pikeman
28:16 Scale Mail Armor
28:37 Chain Barding Armor
29:54 Chain Mail Armor
35:29 Hand Cart
38:37 Imperial Age
36:45 Gold Mining
37:06 Bow Saw
36:58 Heavy Plow
37:33 Town Watch
38:02 Fletching
38:42 Hussar
39:03 Halberdier
40:55 Siege Engineers
48:44 Plate Barding Armor
49:10 Blast Furnace
48:05 Bodkin Arrow
51:22 Elite Battle Elephant
56:14 Capped Ram
62:00 Heavy Scorpion
jaivl
5:45 Loom
8:46 Feudal Age
9:22 Double-Bit Axe
21:46 Wheelbarrow
25:16 Castle Age
24:16 Bloodlines
25:26 Light Cavalry
27:05 Horse Collar
28:38 Heavy Plow
30:20 Forging
30:02 Town Watch
30:33 Hand Cart
30:34 Bow Saw
30:02 Elite Skirmisher
30:34 Fletching
31:18 Padded Archer Armor
32:13 Scale Barding Armor
32:54 Bodkin Arrow
38:11 Imperial Age
36:11 Steppe Husbandry
37:47 Chain Barding Armor
38:28 Iron Casting
40:30 Plate Barding Armor
40:28 Ballistics
42:36 Conscription
42:56 Elite Steppe Lancer
44:34 Gold Mining
45:32 Hussar
46:49 Leather Archer Armor
47:36 Blast Furnace
49:53 Leather Archer Armor
51:14 Crop Rotation
53:16 Capped Ram
55:13 Pikeman
55:53 Squires
55:38 Arson
56:40 Scale Mail Armor
57:36 Halberdier
59:05 Chain Mail Armor
63:48 Chemistry
62:59 Masonry
64:29 Two-Man Saw
68:52 Plate Mail Armor
Connection lost

Rejoining the realm…

Still unreachable

The connection could not be restored.

Session expired

The server has moved on; the page needs a fresh start.